 Dungeon Crawl Stone Soup version 0.19.0-20-gbc5f0c6 (webtiles) character file.

56 leglesslizard the Charmwright (level 3, 0/24 HPs)
             Began as a High Elf Skald on Nov 17, 2016.
             Slain by a goblin
             ... wielding a +0 dagger
             ... led by Robin
              (2 damage)
             ... on level 2 of the Dungeon.
             The game lasted 00:06:40 (1450 turns).

leglesslizard the Charmwright (High Elf Skald)      Turns: 1450, Time: 00:06:41

Health: 0/24       AC:  7    Str: 11    XL:     3   Next: 71%
Magic:  16/16      EV:  9    Int: 17    God:
Gold:   62         SH:  0    Dex: 14    Spells: 2 memorised, 4 levels left

rFire  . . .     SeeInvis .     q - -2 dire flail (curse)
rCold  . . .     Gourm    .     j - +1 scale mail
rNeg   . . .     Faith    .     (shield currently unavailable)
rPois  .         Spirit   .     (no helmet)
rElec  .         Reflect  .     (no cloak)
rCorr  .         Harm     .     (no gloves)
MR     .....                    (no boots)
Stlth  ..........               (no amulet)
                                (no ring)
                                f - ring of magical power

@: no status effects
A: no striking features
a: no special abilities


You were on level 2 of the Dungeon.
You were not hungry.

You visited 1 branch of the dungeon, and saw 2 of its levels.

You collected 62 gold pieces.

Inventory:

Hand Weapons
 a - a +0 short sword
 m - a +2 spear of venom
 q - a cursed -2 dire flail (weapon)
Missiles
 p - 4 javelins (quivered)
Armour
 b - a +0 leather armour
 j - a +1 scale mail (worn)
Jewellery
 f - a ring of magical power (left hand)
Potions
 e - a potion of flight
 g - a potion of curing {unknown}
 h - a potion of heal wounds {unknown}
 k - a potion of invisibility {unknown}
 o - 2 potions of berserk rage {unknown}
Books
 c - a book of Battle

   Spells                             Type                      Level
   a - Infusion                       Charms                       1
   b - Shroud of Golubria             Charms/Translocation         2
   c - Song of Slaying                Charms                       2
   d - Spectral Weapon                Hexes/Charms                 3
   e - Regeneration                   Charms/Necromancy            3
Comestibles
 d - 2 bread rations
 i - 2 slices of pizza
 n - a beef jerky


   Skills:
 + Level 2.2 Fighting
 + Level 3.2 Short Blades
 + Level 0.1 Maces & Flails
 + Level 0.2 Polearms
 + Level 1.6 Armour
 + Level 1.8 Dodging
 + Level 2.5 Spellcasting
 + Level 4.0 Charms


You had 4 spell levels left.
You knew the following spells:

 Your Spells              Type           Power        Failure   Level  Hunger
a - Infusion              Chrm           ###.         21%         1    #......
b - Song of Slaying       Chrm           ###.....     34%         2    ##.....


Dungeon Overview and Level Annotations

Branches:
Dungeon (2/15)

Altars:

Annotations:
D:2 Robin


Message History

You closely miss the goblin. The goblin barely misses you. x2
The goblin hits you but does no damage.
You closely miss the goblin. The goblin hits you with a dagger.
* * * LOW HITPOINT WARNING * * *
Robin roars a battlecry!
The hobgoblin goes into a battle-frenzy!
The goblin barely misses you. x2
You barely miss the goblin. The goblin misses you.
The goblin hits you but does no damage.
You closely miss the goblin.
The goblin no longer looks unusually strong. x2
The goblin barely misses you. The goblin hits you but does no damage.
Robin roars a battlecry!
The goblins go into a battle-frenzy!
The goblin hits you with a dagger.
* * * LOW HITPOINT WARNING * * *
You barely miss the goblin.
The goblin no longer looks unusually strong.
The goblin closely misses you. The goblin hits you with a dagger.
You die...

#..............####.#..#
...#+#+#.........#
#.#..# ##. #.........#
#.#..##### #.
##........####.#.......
#.
.########....##.#.#####.
#. .... #....##.#.# #.
..... #....##.#.# #.
.....g###....##.#.# #.
....bgg@g....'..#.# #.
....gg###....####.#####.
....# #....# #.#.....
### #....# #.#.####
#....# #....... ######
###.#### #.# #.# #.#


You could see Robin, a hobgoblin, 4 goblins and a bat.

Vanquished Creatures
  2 worms (D:2)
  2 dart slugs (D:1)
  A leopard gecko (D:1)
  A ball python (D:1)
  6 bats (D:1)
  6 hobgoblins
  2 jackals (D:2)
  2 quokkas (D:2)
  4 frilled lizards
  6 goblins
  6 kobolds
  7 rats
45 creatures vanquished.

Notes
Turn   | Place    | Note
-------+----------+-------------------------------------------
     0 | D:1      | leglesslizard the High Elf Skald began the quest for the Orb.
     0 | D:1      | Reached XP level 1. HP: 14/14 MP: 4/4
   119 | D:1      | Reached skill level 1 in Armour
   137 | D:1      | Reached XP level 2. HP: 3/19 MP: 6/6
   554 | D:1      | Reached skill level 4 in Charms
   737 | D:1      | Reached XP level 3. HP: 18/24 MP: 7/7
  1170 | D:2      | Learned a level 2 spell: Song of Slaying
  1416 | D:2      | Noticed Robin
  1450 | D:2      | Slain by a goblin

Skill      XL: |  1  2  3 |
---------------+----------+-----
Armour         | 1 |  1.6
Charms         | 4 |  4.0
Short Blades   | 3 |  3.2
Fighting       | |  2.2
Maces & Flails | |  0.1
Polearms       | |  0.2
Dodging        | |  1.8
Spellcasting   | |  2.5

Action                   || total
-------------------------++-------
Melee: Short sword       ||    63
       Spear             ||    37
       Dire flail        ||    34
  Use: Scroll            ||     5
  Eat: Beef jerky        ||     2
       Royal jelly       ||     1
Armor: Leather armour    ||    36
       Scale mail        ||    23
Dodge: Dodged            ||    90
